Map: Blackpink LE

Players

dale - Winner!

  • Race: Protoss Protoss
  • League: Silver
  • Spawn Location: 1:00

CinDra

  • Race: Zerg Zerg
  • League: Bronze
  • Spawn Location: 7:00

VOD

Have the link to the VOD?

Description

Time

  • Played on: Feb. 9, 2018, 9:19 a.m.
  • Length: 6:21
Show
View Real Time Build Order
Export as new Build Order

dale Protoss - Winner!

Build Orders:  

Get SALT Encoding   

  12  0:21  Pylon  
  12  0:44  Pylon  
  12  0:49  Forge  
  12  0:52  Probe (Chrono Boost)  
  13  1:02  Probe (Chrono Boost)  
  14  1:07  Probe (Chrono Boost)  
  15  1:22  Probe  
  16  1:28  Photon Cannon  
  16  1:32  Photon Cannon  
  16  1:53  Pylon  
  16  2:14  Photon Cannon  
  16  2:15  Photon Cannon  
  16  2:22  Photon Cannon  
  16  2:32  Photon Cannon  
  16  2:36  Photon Cannon  
  16  2:42  Gateway  
  16  2:49  Assimilator  
  16  2:54  Assimilator  
  16  3:14  Photon Cannon  
  16  3:21  Probe  
  17  3:32  Pylon  
  17  3:33  Probe  
  18  3:37  Cybernetics Core  
  18  3:48  Assimilator  
  18  4:13  Nexus  
  18  4:18  Probe (Chrono Boost)  
  19  4:26  Protoss Air Weapons Level 1  
  19  4:29  Probe (Chrono Boost)  
  20  4:40  Assimilator  
  20  4:53  Pylon  
  20  5:05  Probe  
  21  5:29  Probe  
  22  5:41  Pylon, Probe  
  23  5:49  Pylon  
  23  5:53  Probe  
  24  6:02  Shield Battery  
  24  6:05  Probe  
Show
View Real Time Build Order
Export as new Build Order

CinDra Zerg 

Build Orders: Pool Only 

Get SALT Encoding   

  12  0:01  Drone  
  13  0:12  Overlord  
  13  0:18  Drone  
  14  0:31  Drone  
  14  0:32  Drone  
  16  0:36  Drone  
  17  0:47  Drone  
  18  1:04  Spawning Pool  
  18  1:06  Drone  
  18  1:07  Overlord  
  18  1:19  Drone  
  19  1:25  Extractor  
  18  1:35  Drone  
  19  1:51  Zergling x2  
  19  1:52  Queen  
  22  2:01  Drone  
  22  2:59  Roach Warren  
  22  3:03  Zergling x6  
  24  3:09  Queen  
  26  3:15  Overlord  
  24  3:40  Zergling x4  
  26  3:47  Roach  
  28  4:05  Roach x3  
  34  4:13  Roach  
  36  4:34  Zergling x2, Overlord  
  33  4:57  Roach x3  
  33  4:58  Roach  
  28  5:01  Queen  
  28  5:05  Drone  
  31  5:22  Roach  
  33  5:37  Queen  
  33  5:40  Roach x2  
  39  5:52  Roach  
Tags
 
Matchup
PvZ
Opening
Pool Only
Spawn Locations
Cross Positions
Add a new tag
Caveats
  • Supply blocks, unpowered buildings, or Contaminate may cause inaccurate times.
  • Supply counts are checked every 10 seconds.